 Dungeon Crawl Stone Soup version 0.27-a0-1347-gd8886f0a89 (webtiles) character file.

Game seed: 878199280675888935

84 nyamberluvr69 the Charlatan (level 4, -2/21 HPs)
             Began as a Spriggan Artificer on June 27, 2021.
             Killed from afar by Natasha (7 damage)
             ... with a magic dart
             ... on level 3 of the Dungeon.
             The game lasted 00:07:35 (3690 turns).

nyamberluvr69 the Charlatan (Spriggan Artificer)    Turns: 3690, Time: 00:07:36

Health: -2/21      AC:  2    Str:  8    XL:     4   Next: 23%
Magic:  5/5        EV: 19    Int: 18    God:
Gold:   57         SH:  0    Dex: 16    Spells: 3/3 levels left

rFire    . . .     SeeInvis +   h - +0 short sword
rCold    . . .     Faith    .   (shield restricted)
rNeg     . . .     Spirit   .   b - +0 robe
rPois    .         Reflect  .   (helmet restricted)
rElec    .         Harm     .   (no cloak)
rCorr    .         Rampage  .   (gloves unavailable)
Will     .....                  (boots unavailable)
Stlth    ++........             (no amulet)
HPRegen  0.07/turn              i - +6 ring of intelligence
MPRegen  0.09/turn              (no ring)

@: very quick
A: very small, no large weapons, unfitting armour, see invisible, speed 3
a: no special abilities


You were on level 3 of the Dungeon.
You visited 1 branch of the dungeon, and saw 3 of its levels.

You collected 57 gold pieces.

Inventory:

Hand Weapons
 a - a +0 club
 h - a +0 short sword (weapon)
Armour
 b - a +0 robe (worn)
Jewellery
 i - a +6 ring of intelligence (left hand)
 m - an amulet of regeneration
Wands
 c - a wand of flame (1) (quivered)
 d - a wand of charming (13)
Scrolls
 k - a scroll of magic mapping {unknown}
 l - a scroll of amnesia {unknown}
 n - a scroll of enchant weapon {unknown}
Potions
 f - 2 potions of curing
 g - a potion of flight {unknown}
 j - a potion of might
Miscellaneous
 e - a piece from Xom's chessboard (15/15)


   Skills:
 - Level 0.7 Fighting
 + Level 1.3 Short Blades
 + Level 5.0 Dodging
 - Level 1.5 Stealth
 - Level 5.1 Evocations


You had 3 spell levels left.
You didn't know any spells.
Your spell library was empty.

Dungeon Overview and Level Annotations

Branches:
Dungeon (3/15)

Altars:
Elyvilon

Annotations:
D:3 Natasha


Innate Abilities, Weirdness & Mutations

You are very small and have problems with some larger weapons.
You are too small for most types of armour.
You have supernaturally acute eyesight. (SInv)
You cover ground extremely quickly. (Speed+++)


Message History

There is an open door, spattered with blood here.
Done exploring.
Done exploring.
There is a stone staircase leading down here.
You climb downwards.
A frilled lizard and a rat come into view.
Found a scroll labelled QOWIUPHEDAU and 16 stones.
Found an escape hatch in the floor.
Found a stone staircase leading down.
There is a stone staircase leading up here.
The helpless frilled lizard fails to defend itself.
You hit the frilled lizard.
You kill the frilled lizard!
You see here 16 stones.
A dart slug comes into view.
Found a leather armour.
You hit the rat.
The rat is severely wounded.
The dart slug launches a dart at you. The slug dart hits you.
The rat misses you.
You hit the rat.
You kill the rat!
A goblin and Natasha come into view.
The goblin shouts!
Natasha hisses angrily.
You hit the dart slug.
The dart slug is moderately wounded.
Natasha drinks a potion.
Natasha seems to grow stronger.
The dart slug completely misses you.
You hit the dart slug.
The dart slug is heavily wounded.
The dart slug misses you. The goblin barely misses you.
You hit the dart slug but do no damage.
The dart slug is heavily wounded.
Natasha claws you!
Ouch! That really hurt!
* * * LOW HITPOINT WARNING * * *
The goblin completely misses you. The dart slug bites you.
* * * LOW HITPOINT WARNING * * *
Natasha stares at you and mumbles some strange words.
The magic dart hits you!
You die...

.. #.# ... #..# ....
######..###
...##.........#
......>.....#
#..?.......#
#..........#
###.@.......#
#......h...>#
#....#.........#######
..####...............##
#
#........(g.........##
#.##.................#
.. #.#####†.w....[...#
. #.. #...........#
...# ##..........#


You could see Natasha (strong), a dart slug and a goblin.

Vanquished Creatures
  An adder (D:2)
  2 worms (D:2)
  4 dart slugs
  6 ball pythons
  5 bats
  2 endoplasms
  3 giant cockroaches
  2 goblins
  5 hobgoblins
  4 jackals (D:1)
  6 quokkas
  3 frilled lizards
  3 kobolds
  7 rats
53 creatures vanquished.

Vanquished Creatures (collateral kills)
  A goblin (D:2)
1 creature vanquished.

Vanquished Creatures (others)
  An adder (D:2)
  An endoplasm (D:1)
2 creatures vanquished.

Grand Total: 56 creatures vanquished

Notes
Turn   | Place    | Note
-------+----------+-------------------------------------------
     0 | D:1      | nyamberluvr69 the Spriggan Artificer began the quest for
                  | the Orb.
     0 | D:1      | Reached XP level 1. HP: 9/9 MP: 2/2
   290 | D:1      | Reached XP level 2. HP: 14/14 MP: 3/3
  1219 | D:1      | Reached XP level 3. HP: 17/17 MP: 4/4
  1537 | D:2      | Reached skill level 5 in Evocations
  2181 | D:2      | Found a white marble altar of Elyvilon.
  2796 | D:2      | Reached XP level 4. HP: 20/21 MP: 5/5
  2866 | D:2      | Reached skill level 1 in Short Blades
  3249 | D:2      | Reached skill level 5 in Dodging
  3502 | D:2      | Found a faded altar of an unknown god.
  3675 | D:3      | Noticed Natasha
  3690 | D:3      | Killed from afar by Natasha

Illustrated notes

Levels and vault maps discovered:
D:1:      saegor_arrival_simple_d, layout_rooms, hangedman_decor_diamond_cutter,
          minmay_pentomino_w2
D:2:      layout_basic, hellmonk_ecumenical_altar_inner_sanctum, basic_altar,
          kennysheep_generic_room_3
D:3:      layout_rooms, grunt_temple_overflow_diamond, minmay_box_of_dots,
          uniq_natasha

Skill      XL: |  1  2  3  4 |
---------------+-------------+-----
Dodging        | 4 5 |  5.0
Evocations     | 5 |  5.1
Short Blades   | 1 |  1.3
Fighting       | |  0.7
Stealth        | |  1.5

Action                   |  1- 3 |  4- 6 || total
-------------------------+-------+-------++-------
Melee: Club              |    22 |       ||    22
       Short sword       |   133 |    51 ||   184
Evoke: Wand              |    16 |       ||    16
  Use: Potion            |     1 |       ||     1
 Stab: Sleeping          |     9 |     3 ||    12
Armor: Robe              |    13 |     1 ||    14
Dodge: Dodged            |   140 |    24 ||   164

Table legend: (Time is in decaauts)
 A = Elapsed time spent in this place.
 B = Non-inter-level travel time spent in this place.
 C = Inter-level travel time spent in this place.
 D = Time resting spent in this place.
 E = Time spent auto-exploring this place.
 F = Levels seen in this place.
 G = Mean time per level.
                   A        B        C        D        E       F      G
               +--------+--------+--------+--------+--------+-----+--------+
         Total |   3179 |   3143 |     36 |   1718 |    989 |   3 | 1059.7 |
       Dungeon |   3179 |   3143 |     36 |   1718 |    989 |   3 | 1059.7 |
               +--------+--------+--------+--------+--------+-----+--------+

Top non-repeatable levels by time:
     D:2: 1786 daAuts
     D:1: 1375 daAuts
     D:3: 17 daAuts
